[ AOE2 MATCH · #484249133 ]
UnrankedFranks vs Mapuche
[ REPLAY ANALYSIS · EXTRACTED FROM THE RECORDED GAME ]
Feudal
12:12
Castle
15:44
Imperial
—
| APM avg | 23.0 |
| APM peak | 40 |
| eAPM avg | 14.8 |
| Villagers / military | 80 / 36 |
Focus
⚔️ 31.3% · 🌾 68.7%
Knight ×29 · Battering Ram ×7
Feudal
—
Castle
—
Imperial
—
| APM avg | 21.7 |
| APM peak | 61 |
| eAPM avg | 10.5 |
| Villagers / military | 49 / 19 |
Focus
⚔️ 19.3% · 🌾 80.7%
Spearman ×11 · Kona ×6 · Petard ×2
Feudal
12:36
Castle
16:56
Imperial
—
| APM avg | 16.2 |
| APM peak | 38 |
| eAPM avg | 10.8 |
| Villagers / military | 68 / 23 |
Focus
⚔️ 22.6% · 🌾 77.4%
Mangudai ×13 · Camel Scout ×5 · Cavalry Archer ×3 · Petard ×1 · Steppe Lancer ×1
Feudal
—
Castle
—
Imperial
—
| APM avg | 21.3 |
| APM peak | 64 |
| eAPM avg | 12.9 |
| Villagers / military | 96 / 41 |
Focus
⚔️ 17.6% · 🌾 82.4%
Camel Scout ×34 · Scout Cavalry ×5 · Petard ×2
Match map
Initial resources + every placement click. Lines = walls · curves = elevation contours. ◆ gold · ⬟ stone · ● berries · ✦ relic · ◌ wall gap
Your base· ✓ Closed at 15:44 · 0t walls · 3 gate(s)
AndymaCR23's base· ✓ Closed at 15:37 · 0t walls · 4 gate(s)
ulisestobon's base· ✓ Closed at 16:56 · 0t walls · 3 gate(s)
xl-MarcosCR-lx's base· ✓ Closed at 13:32 · 0t walls · 3 gate(s)
Smoothed initial terrain · ◌ = detected wall gap · hover for details
Inputs per minute
— LENNIN - - AndymaCR23
Build order — LENNIN
First 150 of 183 actions detected
| 0:02 | Create | Villager (Male) |
| 0:02 | Create | Villager (Male) |
| 0:02 | Create | Villager (Male) |
| 0:05 | Build | House |
| 0:06 | Build | House |
| 0:35 | Create | Villager (Male) |
| 1:33 | Create | Villager (Male) |
| 1:44 | Create | Villager (Male) |
| 2:00 | Build | Lumber Camp |
| 2:13 | Create | Villager (Male) |
| 2:13 | Create | Villager (Male) |
| 2:35 | Create | Villager (Male) |
| 2:47 | Create | Villager (Male) |
| 3:13 | Create | Villager (Male) |
| 3:13 | Create | Villager (Male) |
| 3:38 | Build | House |
| 3:42 | Build | House |
| 3:59 | Build | Mill |
| 4:10 | Create | Villager (Male) |
| 4:10 | Create | Villager (Male) |
| 4:11 | Create | Villager (Male) |
| 4:25 | Create | Villager (Male) |
| 4:26 | Create | Villager (Male) |
| 4:32 | Create | Villager (Male) |
| 4:32 | Create | Villager (Male) |
| 5:27 | Create | Villager (Male) |
| 5:27 | Create | Villager (Male) |
| 5:30 | Create | Villager (Male) |
| 5:57 | Build | House |
| 6:16 | Create | Villager (Male) |
| 6:16 | Create | Villager (Male) |
| 6:44 | Create | Villager (Male) |
| 6:47 | Create | Villager (Male) |
| 6:47 | Create | Villager (Male) |
| 7:14 | Create | Villager (Male) |
| 7:14 | Create | Villager (Male) |
| 7:18 | Build | Lumber Camp |
| 7:26 | Create | Villager (Male) |
| 7:26 | Create | Villager (Male) |
| 7:44 | Create | Villager (Male) |
| 7:45 | Create | Villager (Male) |
| 7:45 | Create | Villager (Male) |
| 7:45 | Create | Villager (Male) |
| 7:46 | Create | Villager (Male) |
| 7:46 | Create | Villager (Male) |
| 7:46 | Create | Villager (Male) |
| 7:50 | Create | Villager (Male) |
| 7:50 | Create | Villager (Male) |
| 8:08 | Build | House |
| 8:13 | Build | House |
| 8:19 | Create | Villager (Male) |
| 8:20 | Create | Villager (Male) |
| 8:55 | Create | Villager (Male) |
| 9:06 | Create | Villager (Male) |
| 9:06 | Create | Villager (Male) |
| 9:15 | Build | Mining Camp |
| 9:50 | Research | Feudal Age |
| 9:51 | Research | Feudal Age |
| 9:58 | Build | Farm |
| 9:58 | Build | Farm |
| 9:58 | Build | Farm |
| 9:58 | Build | Farm |
| 9:59 | Build | Farm |
| 9:59 | Build | Farm |
| 9:59 | Build | Farm |
| 10:36 | Build | Farm |
| 10:40 | Build | Farm |
| 10:53 | Build | Farm |
| 10:56 | Create | Villager (Male) |
| 10:56 | Create | Villager (Male) |
| 12:12 | Age | Feudal Age |
| 12:15 | Build | Market |
| 12:22 | Build | Blacksmith |
| 12:50 | Build | Farm |
| 12:57 | Build | Farm |
| 13:04 | Research | Castle Age |
| 13:08 | Create | Villager (Male) |
| 13:21 | Build | Farm |
| 13:33 | Build | Farm |
| 13:49 | Build | Farm |
| 14:07 | Build | Farm |
| 14:09 | Create | Villager (Male) |
| 14:24 | Research | Double-Bit Axe |
| 15:12 | Build | Barracks |
| 15:44 | Age | Castle Age |
| 15:57 | Create | Villager (Male) |
| 16:11 | Build | Stable |
| 16:29 | Create | Villager (Male) |
| 16:41 | Build | House |
| 16:42 | Build | House |
| 16:46 | Create | Villager (Male) |
| 16:56 | Research | Wheelbarrow |
| 16:56 | Create | Villager (Male) |
| 16:57 | Create | Villager (Male) |
| 17:05 | Create | Knight |
| 17:06 | Create | Knight |
| 17:06 | Create | Knight |
| 17:06 | Create | Knight |
| 17:48 | Create | Villager (Male) |
| 17:49 | Create | Villager (Male) |
| 18:14 | Create | Villager (Male) |
| 18:16 | Create | Knight |
| 18:18 | Research | Bow Saw |
| 18:24 | Create | Villager (Male) |
| 18:25 | Create | Villager (Male) |
| 19:13 | Build | House |
| 19:14 | Build | House |
| 19:20 | Build | House |
| 19:21 | Build | House |
| 19:24 | Create | Villager (Male) |
| 19:24 | Create | Villager (Male) |
| 19:34 | Research | Scale Barding Armor |
| 19:35 | Research | Forging |
| 19:36 | Create | Knight |
| 19:36 | Create | Knight |
| 19:58 | Build | Stable |
| 20:00 | Build | Stable |
| 20:04 | Build | Mining Camp |
| 20:06 | Create | Villager (Male) |
| 20:21 | Create | Knight |
| 20:21 | Create | Knight |
| 20:55 | Create | Knight |
| 20:55 | Create | Knight |
| 21:04 | Create | Villager (Male) |
| 21:12 | Build | Farm |
| 21:13 | Build | Farm |
| 21:39 | Create | Knight |
| 21:39 | Create | Knight |
| 22:34 | Build | Siege Workshop |
| 23:05 | Build | Farm |
| 23:50 | Create | Villager (Male) |
| 23:50 | Create | Villager (Male) |
| 23:51 | Create | Villager (Male) |
| 23:53 | Create | Battering Ram |
| 23:54 | Create | Battering Ram |
| 23:55 | Create | Knight |
| 23:56 | Create | Knight |
| 23:56 | Create | Knight |
| 24:15 | Create | Knight |
| 24:27 | Create | Villager (Male) |
| 24:28 | Create | Villager (Male) |
| 24:28 | Create | Villager (Male) |
| 24:30 | Create | Villager (Male) |
| 24:39 | Create | Villager (Male) |
| 24:41 | Research | Gold Mining |
| 25:11 | Create | Battering Ram |
| 25:12 | Create | Battering Ram |
| 25:12 | Create | Battering Ram |
| 25:15 | Create | Knight |
| 25:15 | Create | Knight |
Build order — AndymaCR23
100 actions detected in the replay
| 0:02 | Create | Villager (Male) |
| 0:02 | Create | Villager (Male) |
| 0:02 | Create | Villager (Male) |
| 0:02 | Create | Villager (Male) |
| 0:03 | Create | Villager (Male) |
| 0:05 | Build | House |
| 0:07 | Build | House |
| 1:26 | Create | Villager (Male) |
| 1:26 | Create | Villager (Male) |
| 1:54 | Build | Settlement |
| 2:02 | Create | Villager (Male) |
| 2:02 | Create | Villager (Male) |
| 2:19 | Create | Villager (Male) |
| 2:19 | Create | Villager (Male) |
| 2:59 | Create | Villager (Male) |
| 3:27 | Create | Villager (Male) |
| 3:27 | Create | Villager (Male) |
| 3:47 | Create | Villager (Male) |
| 3:47 | Create | Villager (Male) |
| 4:13 | Build | Settlement |
| 4:17 | Create | Villager (Male) |
| 4:18 | Create | Villager (Male) |
| 4:32 | Create | Villager (Male) |
| 4:32 | Create | Villager (Male) |
| 5:22 | Build | Settlement |
| 5:25 | Create | Villager (Male) |
| 5:25 | Create | Villager (Male) |
| 5:26 | Create | Villager (Male) |
| 5:58 | Create | Villager (Male) |
| 7:47 | Create | Villager (Male) |
| 7:47 | Create | Villager (Male) |
| 7:48 | Create | Villager (Male) |
| 7:48 | Create | Villager (Male) |
| 8:37 | Create | Villager (Male) |
| 8:37 | Create | Villager (Male) |
| 9:06 | Create | Villager (Male) |
| 9:18 | Build | Settlement |
| 9:43 | Create | Villager (Male) |
| 10:40 | Create | Villager (Male) |
| 11:12 | Research | Feudal Age |
| 11:58 | Build | Farm |
| 11:59 | Build | Farm |
| 12:00 | Build | Farm |
| 12:05 | Build | Farm |
| 12:17 | Create | Villager (Male) |
| 12:17 | Create | Villager (Male) |
| 12:18 | Create | Villager (Male) |
| 12:18 | Create | Villager (Male) |
| 12:19 | Create | Villager (Male) |
| 13:26 | Build | Market |
| 13:33 | Build | Blacksmith |
| 15:21 | Build | House |
| 15:22 | Build | House |
| 15:24 | Build | House |
| 15:25 | Build | House |
| 15:26 | Build | House |
| 15:33 | Build | Gate |
| 15:37 | Research | Castle Age |
| 16:08 | Build | Farm |
| 16:08 | Build | Farm |
| 16:09 | Build | Farm |
| 16:10 | Build | Farm |
| 16:11 | Build | Farm |
| 16:12 | Build | Farm |
| 16:51 | Build | Barracks |
| 18:03 | Create | Spearman |
| 18:23 | Build | Castle |
| 18:37 | Build | Town Center |
| 18:42 | Create | Villager (Male) |
| 18:43 | Create | Villager (Male) |
| 18:43 | Create | Villager (Male) |
| 18:44 | Create | Villager (Male) |
| 19:51 | Create | Petard |
| 19:51 | Create | Petard |
| 19:55 | Build | Settlement |
| 20:01 | Create | Kona |
| 20:01 | Create | Kona |
| 20:01 | Create | Kona |
| 20:01 | Create | Kona |
| 20:07 | Create | Villager (Male) |
| 20:07 | Create | Villager (Male) |
| 20:08 | Create | Villager (Male) |
| 20:08 | Create | Villager (Male) |
| 20:08 | Create | Villager (Male) |
| 20:10 | Create | Villager (Male) |
| 20:10 | Create | Villager (Male) |
| 20:30 | Build | Farm |
| 20:36 | Research | Double-Bit Axe |
| 20:58 | Build | House |
| 20:59 | Build | House |
| 21:00 | Build | House |
| 21:08 | Build | Stone Wall |
| 21:59 | Create | Kona |
| 21:59 | Create | Kona |
| 23:36 | Research | Pikeman (upgrade) |
| 23:37 | Create | Spearman ×4 |
| 23:48 | Create | Spearman ×2 |
| 23:49 | Create | Spearman ×2 |
| 26:14 | Create | Spearman |
| 26:14 | Create | Spearman |
Build order — ulisestobon
First 150 of 162 actions detected
| 0:02 | Create | Villager (Male) |
| 0:02 | Create | Villager (Male) |
| 0:04 | Build | House |
| 0:06 | Build | House |
| 0:58 | Create | Villager (Male) |
| 1:01 | Create | Villager (Male) |
| 1:45 | Create | Villager (Male) |
| 1:49 | Create | Villager (Male) |
| 1:50 | Create | Villager (Male) |
| 1:57 | Build | Lumber Camp |
| 2:20 | Create | Villager (Male) |
| 2:57 | Create | Villager (Male) |
| 3:16 | Create | Villager (Male) |
| 3:31 | Build | House |
| 3:35 | Create | Villager (Male) |
| 3:59 | Build | Mill |
| 4:28 | Create | Villager (Male) |
| 4:53 | Create | Villager (Male) |
| 5:25 | Create | Villager (Male) |
| 5:35 | Create | Villager (Male) |
| 5:48 | Create | Villager (Male) |
| 6:17 | Create | Villager (Male) |
| 6:24 | Build | House |
| 7:06 | Create | Villager (Male) |
| 7:11 | Build | Lumber Camp |
| 7:14 | Build | House |
| 7:17 | Research | Loom |
| 7:21 | Create | Villager (Male) |
| 7:29 | Research | Loom |
| 7:32 | Create | Villager (Male) |
| 7:51 | Create | Villager (Male) |
| 7:55 | Build | Mill |
| 8:03 | Create | Villager (Male) |
| 8:46 | Create | Villager (Male) |
| 9:12 | Research | Feudal Age |
| 9:25 | Create | Villager (Male) |
| 9:25 | Create | Villager (Male) |
| 9:50 | Build | Mining Camp |
| 10:05 | Build | Farm |
| 10:06 | Build | Farm |
| 10:06 | Build | Farm |
| 10:07 | Build | Farm |
| 10:16 | Research | Feudal Age |
| 10:48 | Build | House |
| 10:49 | Build | House |
| 11:04 | Build | Farm |
| 11:45 | Create | Villager (Male) |
| 11:46 | Create | Villager (Male) |
| 11:50 | Create | Villager (Male) |
| 11:50 | Create | Villager (Male) |
| 11:56 | Build | Farm |
| 11:57 | Build | Farm |
| 11:57 | Build | Farm |
| 11:57 | Build | Farm |
| 12:36 | Age | Feudal Age |
| 12:40 | Build | Market |
| 13:04 | Build | Blacksmith |
| 13:25 | Research | Double-Bit Axe |
| 14:00 | Research | Castle Age |
| 14:41 | Build | Barracks |
| 15:09 | Build | Mining Camp |
| 15:23 | Build | Farm |
| 15:23 | Build | Farm |
| 15:32 | Build | Farm |
| 16:03 | Create | Villager (Male) |
| 16:03 | Create | Villager (Male) |
| 16:03 | Create | Villager (Male) |
| 16:06 | Create | Villager (Male) |
| 16:41 | Research | Stone Mining |
| 16:56 | Age | Castle Age |
| 16:59 | Build | Stable |
| 17:32 | Create | Villager (Male) |
| 17:32 | Create | Villager (Male) |
| 18:04 | Create | Villager (Male) |
| 18:04 | Create | Villager (Male) |
| 18:47 | Create | Villager (Male) |
| 18:47 | Create | Villager (Male) |
| 18:48 | Create | Villager (Male) |
| 18:48 | Create | Villager (Male) |
| 19:04 | Build | Castle |
| 19:08 | Build | House |
| 19:10 | Build | House |
| 19:15 | Build | Archery Range |
| 19:18 | Build | House |
| 19:21 | Build | House |
| 19:28 | Create | Villager (Male) |
| 19:29 | Create | Villager (Male) |
| 19:35 | Research | Gold Mining |
| 19:48 | Build | Town Center |
| 19:52 | Create | Villager (Male) |
| 19:52 | Create | Villager (Male) |
| 19:53 | Create | Villager (Male) |
| 19:53 | Create | Villager (Male) |
| 19:55 | Build | Farm |
| 20:05 | Create | Camel Scout |
| 20:05 | Create | Camel Scout |
| 20:22 | Research | Fletching |
| 20:44 | Create | Petard |
| 20:53 | Build | Farm |
| 20:55 | Build | Farm |
| 20:57 | Build | Farm |
| 22:12 | Build | Lumber Camp |
| 22:17 | Create | Steppe Lancer |
| 22:18 | Create | Camel Scout |
| 22:19 | Create | Camel Scout |
| 22:19 | Create | Camel Scout |
| 22:25 | Create | Cavalry Archer |
| 22:25 | Create | Cavalry Archer |
| 22:25 | Create | Cavalry Archer |
| 23:00 | Build | Stone Wall |
| 23:04 | Build | Palisade Gate |
| 24:27 | Create | Mangudai |
| 24:28 | Create | Mangudai |
| 24:28 | Create | Mangudai |
| 24:28 | Create | Mangudai |
| 24:29 | Create | Mangudai |
| 25:01 | Build | Stone Wall |
| 25:10 | Create | Villager (Male) |
| 25:11 | Create | Villager (Male) |
| 25:11 | Create | Villager (Male) |
| 25:11 | Create | Villager (Male) |
| 25:11 | Create | Villager (Male) |
| 25:12 | Create | Villager (Male) |
| 25:14 | Create | Villager (Male) |
| 25:14 | Create | Villager (Male) |
| 25:14 | Create | Villager (Male) |
| 25:15 | Create | Villager (Male) |
| 25:15 | Create | Villager (Male) |
| 25:15 | Create | Villager (Male) |
| 26:36 | Create | Mangudai |
| 26:37 | Create | Mangudai |
| 26:38 | Create | Mangudai |
| 27:02 | Create | Villager (Male) |
| 27:18 | Research | Husbandry |
| 28:02 | Build | University |
| 28:04 | Create | Villager (Male) |
| 28:04 | Create | Villager (Male) |
| 28:04 | Create | Villager (Male) |
| 28:04 | Create | Villager (Male) |
| 28:05 | Create | Villager (Male) |
| 28:06 | Research | Bow Saw |
| 28:09 | Create | Villager (Male) |
| 28:09 | Create | Villager (Male) |
| 28:10 | Create | Villager (Male) |
| 28:34 | Build | Siege Workshop |
| 28:54 | Create | Mangudai |
| 28:55 | Create | Mangudai |
| 28:55 | Create | Mangudai |
| 28:55 | Create | Mangudai |
| 28:55 | Create | Mangudai |
Build order — xl-MarcosCR-lx
First 150 of 234 actions detected
| 0:01 | Create | Villager (Male) |
| 0:01 | Create | Villager (Male) |
| 0:02 | Create | Villager (Male) |
| 0:02 | Create | Villager (Male) |
| 0:02 | Create | Villager (Male) |
| 0:03 | Build | House |
| 0:06 | Build | House |
| 0:40 | Research | Loom |
| 1:26 | Create | Villager (Male) |
| 1:48 | Build | Lumber Camp |
| 2:04 | Create | Villager (Male) |
| 2:20 | Create | Villager (Male) |
| 2:49 | Create | Villager (Male) |
| 2:49 | Create | Villager (Male) |
| 2:52 | Build | House |
| 3:11 | Create | Villager (Male) |
| 3:37 | Create | Villager (Male) |
| 3:49 | Build | Mill |
| 3:52 | Create | Villager (Male) |
| 4:26 | Build | Farm |
| 4:27 | Build | Farm |
| 4:32 | Create | Villager (Male) |
| 4:35 | Build | Farm |
| 4:57 | Research | Loom |
| 4:59 | Create | Villager (Male) |
| 5:16 | Build | House |
| 5:34 | Create | Villager (Male) |
| 5:35 | Create | Villager (Male) |
| 5:39 | Build | Mining Camp |
| 5:49 | Create | Villager (Male) |
| 6:19 | Build | Farm |
| 7:07 | Create | Villager (Male) |
| 7:40 | Create | Villager (Male) |
| 7:47 | Build | Farm |
| 8:21 | Research | Feudal Age |
| 8:29 | Build | Mill |
| 8:49 | Build | House |
| 8:51 | Build | House |
| 9:51 | Create | Villager (Male) |
| 9:52 | Create | Villager (Male) |
| 9:52 | Create | Villager (Male) |
| 9:52 | Create | Villager (Male) |
| 9:52 | Create | Villager (Male) |
| 10:25 | Create | Villager (Male) |
| 10:37 | Create | Villager (Male) |
| 10:54 | Build | Market |
| 11:19 | Build | Blacksmith |
| 12:04 | Build | Mining Camp |
| 12:30 | Build | House |
| 12:50 | Create | Villager (Male) |
| 13:10 | Build | House |
| 13:11 | Build | House |
| 13:32 | Research | Castle Age |
| 14:27 | Create | Villager (Male) |
| 14:27 | Create | Villager (Male) |
| 15:14 | Create | Villager (Male) |
| 15:14 | Create | Villager (Male) |
| 16:06 | Create | Villager (Male) |
| 16:39 | Build | Town Center |
| 17:03 | Build | Mill |
| 17:14 | Create | Villager (Male) |
| 17:15 | Create | Villager (Male) |
| 17:26 | Build | Town Center |
| 17:30 | Create | Villager (Male) |
| 17:30 | Create | Villager (Male) |
| 17:30 | Create | Villager (Male) |
| 17:31 | Create | Villager (Male) |
| 17:33 | Create | Villager (Male) |
| 18:10 | Create | Villager (Male) |
| 18:13 | Build | Farm |
| 18:13 | Build | Farm |
| 18:14 | Build | Farm |
| 18:31 | Build | Castle |
| 18:46 | Build | Mining Camp |
| 18:51 | Create | Villager (Male) |
| 18:51 | Create | Villager (Male) |
| 18:52 | Create | Villager (Male) |
| 18:52 | Create | Villager (Male) |
| 18:52 | Create | Villager (Male) |
| 19:00 | Build | Mining Camp |
| 19:07 | Build | Farm |
| 19:07 | Build | Farm |
| 19:07 | Build | Farm |
| 19:08 | Build | Farm |
| 19:08 | Build | Farm |
| 19:20 | Create | Villager (Male) |
| 19:20 | Create | Villager (Male) |
| 19:20 | Create | Villager (Male) |
| 19:29 | Create | Villager (Male) |
| 19:35 | Research | Double-Bit Axe |
| 19:59 | Create | Villager (Male) |
| 20:08 | Create | Villager (Male) |
| 20:13 | Build | Farm |
| 20:13 | Build | Farm |
| 20:13 | Build | Farm |
| 20:14 | Build | Farm |
| 20:14 | Build | Farm |
| 20:26 | Create | Villager (Male) |
| 20:28 | Create | Villager (Male) |
| 20:33 | Build | Farm |
| 20:34 | Build | Farm |
| 20:34 | Build | Farm |
| 20:34 | Build | Farm |
| 20:35 | Build | Farm |
| 20:40 | Create | Villager (Male) |
| 20:42 | Create | Villager (Male) |
| 20:57 | Build | Barracks |
| 21:02 | Create | Villager (Male) |
| 21:03 | Create | Villager (Male) |
| 21:05 | Create | Villager (Male) |
| 21:08 | Build | Farm |
| 21:08 | Build | Farm |
| 21:08 | Build | Farm |
| 21:09 | Build | Farm |
| 21:09 | Build | Farm |
| 21:09 | Build | Farm |
| 21:24 | Create | Villager (Male) |
| 21:27 | Create | Villager (Male) |
| 22:01 | Create | Petard |
| 22:01 | Create | Petard |
| 22:07 | Build | Stable |
| 22:09 | Build | Stable |
| 22:13 | Build | Farm |
| 22:14 | Build | Farm |
| 22:21 | Create | Villager (Male) |
| 22:22 | Create | Villager (Male) |
| 22:24 | Create | Villager (Male) |
| 22:27 | Research | Wheelbarrow |
| 22:35 | Create | Camel Scout |
| 22:45 | Create | Camel Scout |
| 22:59 | Build | Farm |
| 23:00 | Build | Farm |
| 23:00 | Build | Farm |
| 23:01 | Create | Villager (Male) |
| 23:04 | Create | Villager (Male) |
| 23:04 | Create | Villager (Male) |
| 23:11 | Create | Villager (Male) |
| 23:15 | Create | Villager (Male) |
| 23:28 | Create | Camel Scout |
| 23:29 | Create | Camel Scout |
| 23:49 | Build | House |
| 23:51 | Build | House |
| 23:51 | Build | House |
| 23:53 | Build | House |
| 23:54 | Build | House |
| 24:01 | Create | Villager (Male) |
| 24:01 | Create | Villager (Male) |
| 24:02 | Create | Villager (Male) |
| 24:04 | Build | Farm |
| 24:05 | Build | Farm |
Match timeline
| 12:12 | LENNIN · age_up feudal |
| 12:36 | ulisestobon · age_up feudal |
| 13:00 | xl-MarcosCR-lx · first_market_buy 100 food |
| 14:41 | ulisestobon · first_building Barracks |
| 15:12 | LENNIN · first_building Barracks |
| 15:44 | LENNIN · age_up castle |
| 15:50 | LENNIN · tribute_sent a jugador 2 |
| 15:50 | LENNIN · tribute_sent a jugador 3 |
| 15:50 | LENNIN · tribute_sent a jugador 4 |
| 16:11 | LENNIN · first_building Stable |
| 16:51 | AndymaCR23 · first_building Barracks |
| 16:56 | ulisestobon · age_up castle |
| 16:59 | ulisestobon · first_building Stable |
| 18:23 | AndymaCR23 · first_building Castle |
| 18:31 | xl-MarcosCR-lx · first_building Castle |
| 19:04 | ulisestobon · first_building Castle |
| 19:15 | ulisestobon · first_building Archery Range |
| 20:05 | xl-MarcosCR-lx · first_market_sell 100 wood |
| 20:57 | xl-MarcosCR-lx · first_building Barracks |
| 21:08 | AndymaCR23 · wall_segment Stone Wall x14 |
| 22:07 | xl-MarcosCR-lx · first_building Stable |
| 22:34 | LENNIN · first_building Siege Workshop |
| 23:00 | ulisestobon · wall_segment Stone Wall x4 |
| 23:42 | AndymaCR23 · first_market_buy 100 food |
| 25:01 | ulisestobon · wall_segment Stone Wall x6 |
| 25:28 | LENNIN · first_market_sell 100 food |
| 26:50 | LENNIN · first_market_buy 100 stone |
| 28:20 | AndymaCR23 · first_market_sell 100 wood |
| 28:28 | LENNIN · wall_segment Stone Wall x15 |
| 28:34 | ulisestobon · first_building Siege Workshop |
| 28:45 | AndymaCR23 · resign |
[ AI ANALYSIS · 1 CREDIT ]
What really happened in this match?
Wolo.gg analyzes every decision: build order, eco, micro, common mistakes by bracket. Personalized analysis on WhatsApp or Discord in 30 seconds.
Civ guide
Franks
Perfil
Jugador #9167162